 Dungeon Crawl Stone Soup version 0.28-a0-662-g1651b1f1e0 (webtiles) character file.

Game seed: 6263684793165606124

10 siradein the Caller (level 2, -2/19 HPs)
             Began as a Merfolk Summoner on Oct 14, 2021.
             Slain by a hobgoblin (5 damage)
             ... on level 1 of the Dungeon on Oct 15, 2021.
             The game lasted 00:01:48 (556 turns).

siradein the Caller (Merfolk Summoner)               Turns: 556, Time: 00:01:49

Health: -2/19      AC:  2    Str:  8    XL:     2   Next: 20%
Magic:  3/5        EV: 10    Int: 14    God:
Gold:   6          SH:  0    Dex: 14    Spells: 4/5 levels left

rFire   . . .      SeeInvis .   (no weapon)
rCold   . . .      Faith    .   (no shield)
rNeg    . . .      Spirit   .   a - +0 robe
rPois   .          Reflect  .   (no helmet)
rElec   .          Harm     .   (no cloak)
rCorr   .          Rampage  .   (no gloves)
Will    .....                   (no boots)
Stlth   ++........              (no amulet)
HPRegen 0.06/turn               (no ring)
MPRegen 0.09/turn               (no ring)

@: constricted
A: (nimble swimmer 2), mertail
a: no special abilities


You were on level 1 of the Dungeon.
You visited 1 branch of the dungeon, and saw 1 of its levels.

You collected 6 gold pieces.

Inventory:

Armour
 a - a +0 robe (worn)
Scrolls
 c - a scroll of enchant armour {unknown}
Potions
 b - a potion of lignification {unknown}


   Skills:
 + Level 3.1 Dodging
 - Level 2.1 Stealth
 + Level 2.2 Spellcasting
 + Level 4.1 Summonings


You had 4 spell levels left.
You knew the following spells:

 Your Spells              Type           Power      Damage    Failure   Level
a - Summon Small Mammal   Summ           52%        N/A       4%          1

Your spell library contained the following spells:

 Spells                   Type           Power      Damage    Failure   Level
 Call Imp                 Summ           13%        N/A       6%          2
 Call Canine Familiar     Summ           13%        N/A       13%         3
 Summon Guardian Golem    Hex/Summ       7%         N/A       30%         3
 Summon Lightning Spire   Summ/Air       7%         N/A       69%         4


Dungeon Overview and Level Annotations

Branches:
Dungeon (1/15)

Altars:


Innate Abilities, Weirdness & Mutations

((You are quick and stealthy near water. (Stealth+, EV+, Speed+++)))
Your lower body shifts to a powerful aquatic tail in water.


Message History

The ball python is moderately wounded.
Your bat hits the hobgoblin but does no damage.
Your bat completely misses the ball python.
The ball python bites you. The ball python closely misses you.
The hobgoblin barely misses you.
You barely miss the ball python.
The ball python is moderately wounded.
Your bat completely misses the hobgoblin.
Your bat barely misses the ball python.
The ball python misses you. The ball python grabs you.
The ball python constricts you.
Your bat hits the ball python. The hobgoblin hits you.
You closely miss the ball python.
The ball python is heavily wounded.
Your bat hits the ball python.
Your bat hits the hobgoblin but does no damage.
Your bat hits the hobgoblin.
Your bat completely misses the hobgoblin.
The ball python bites you. The ball python constricts you.
A ball python comes into view.
The hobgoblin hits you.
You are too injured to fight recklessly!
Unknown command.
You are too injured to fight recklessly!
The ball python hisses angrily.
You hit the ball python but do no damage.
The ball python is severely wounded.
Your bat closely misses the hobgoblin.
Your bat barely misses the ball python.
The ball python bites you but does no damage.
The ball python constricts you. The hobgoblin hits you.
* * * LOW HITPOINT WARNING * * *
You hit the ball python but do no damage.
The ball python is severely wounded.
Your bat closely misses the ball python.
Your bat hits the hobgoblin but does no damage.
The ball python bites you.
* * * LOW HITPOINT WARNING * * *
The ball python constricts you.
* * * LOW HITPOINT WARNING * * *
The hobgoblin hits you.
You die...

.........
.........
........######.
............S....
......b..#... ...
#.........#.#.#
#....g...#... #.
#...S@b..#.####
#.
#..............
♣♣ #.
#..$.......##
.♣♣#.##
#######....#
..♣♣..# #....#
...♣#.# #....#
...♣..### ###..#
♣.......# #..# #
# .....##.# #..#
.#.#


You could see a hobgoblin (ally target), 2 ball pythons and 2 friendly bats.

Vanquished Creatures
  A hobgoblin (D:1)
  A rat (D:1)
2 creatures vanquished.

Vanquished Creatures (collateral kills)
  A bat (D:1)
  An endoplasm (D:1)
  A hobgoblin (D:1)
  3 jackals (D:1)
6 creatures vanquished.

Grand Total: 8 creatures vanquished

Notes
Turn   | Place    | Note
-------+----------+-------------------------------------------
     0 | D:1      | siradein the Merfolk Summoner began the quest for the Orb.
     0 | D:1      | Reached XP level 1. HP: 13/13 MP: 3/3
   347 | D:1      | Reached XP level 2. HP: 12/19 MP: 1/5
   556 | D:1      | Slain by a hobgoblin

Illustrated notes

Levels and vault maps discovered:
D:1:      amcnicky_arrival_underground_garden, layout_basic

Skill      XL: |  1 |
---------------+----+-----
Dodging        | 3 |  3.1
Stealth        | |  2.1
Spellcasting   | |  2.2
Summonings     | |  4.1

Action                   || total
-------------------------++-------
Melee: Unarmed           ||    32
 Cast: Summon Small Mamm ||    12
 Stab: Sleeping          ||     1
Armor: Robe              ||     6
Dodge: Dodged            ||    35

Table legend: (Time is in decaauts)
 A = Elapsed time spent in this place.
 B = Non-inter-level travel time spent in this place.
 C = Inter-level travel time spent in this place.
 D = Time resting spent in this place.
 E = Time spent auto-exploring this place.
 F = Levels seen in this place.
 G = Mean time per level.
                   A        B        C        D        E       F      G
               +--------+--------+--------+--------+--------+-----+--------+
         Total |    556 |    556 |      0 |      0 |    470 |   1 |  556.0 |
       Dungeon |    556 |    556 |      0 |      0 |    470 |   1 |  556.0 |
               +--------+--------+--------+--------+--------+-----+--------+

Top non-repeatable levels by time:
     D:1: 556 daAuts
